PAA
MINNESOTA LOONS @ SUN PRAIRIE SWALLOWS
07/27/2025
 
TOP OF THE 1ST
Minnesota Loons batting - Pitching for Sun Prairie Swallows : RHP Javier Luna
Pitching: RHP Javier Luna
Batting: RHB Alex Rucker 0-0: Ball
1-0: SINGLE (Groundball, 5S) (infield hit)
Batting: RHB Nathaniel Griffin 0-0: Ball
1-0: Ball
2-0: Called Strike
2-1: Ball
3-1: Called Strike
3-2: Base on Balls
Alex Rucker to second
Batting: RHB Miguel Rosales 0-0: Swinging Strike
0-1: Ball
1-1: Fly out, F3 (Line Drive, 34)
Batting: RHB Gonzalo Sánchez 0-0: Called Strike
0-1: Foul Ball, location: 2F
0-2: Foul Ball, location: 2F
0-2: Ball
1-2: Ball
2-2: Ball
3-2: DOUBLE (Groundball, 5L)
Alex Rucker scores
Nathaniel Griffin to third
Batting: LHB José León 0-0: Ball
1-0: Called Strike
1-1: Foul Ball, location: 2F
1-2: Foul Ball, location: 2F
1-2: Foul Ball, location: 2F
1-2: Fly out, F8 (Flyball, 8RS)
Batting: RHB Bass Reeves 0-0: Called Strike
0-1: Ball
1-1: Ball
2-1: Foul Ball, location: 2F
2-2: Strikes out swinging
Top of the 1st over - 1 run(s), 2 hit(s), 0 error(s), 2 left on base; Minnesota 1 - Sun Prairie 0
BOTTOM OF THE 1ST
Sun Prairie Swallows batting - Pitching for Minnesota Loons : LHP Octávio Fernández
Pitching: LHP Octávio Fernández
Batting: RHB José Silva 0-0: Ball
1-0: SINGLE (Groundball, 34D)
Batting: RHB Ghislain Vespucci 0-0: Ball
1-0: Fielders Choice at 2nd, 1-6 (Groundball, 13S)
Batting: LHB Jorge Borbón 0-0: Ground out 3-1 (Groundball, 3)
Ghislain Vespucci to second
Batting: RHB Luis Hernández 0-0: Foul Ball, location: 2F
0-1: Ball
1-1: Called Strike
1-2: Fly out, F9 (Flyball, 89S)
Bottom of the 1st over - 0 run(s), 1 hit(s), 0 error(s), 1 left on base; Minnesota 1 - Sun Prairie 0
TOP OF THE 2ND
Minnesota Loons batting - Pitching for Sun Prairie Swallows : RHP Javier Luna
Batting: LHB Wilson Horton 0-0: Ball
1-0: Called Strike
1-1: Called Strike
1-2: Strikes out swinging
Batting: RHB D.C. Aiken 0-0: Called Strike
0-1: Ball
1-1: Ball
2-1: Ball
3-1: Foul Ball, location: 2F
3-2: SINGLE (Groundball, 6MD)
Batting: RHB Jorge Arreola 0-0: Ground out 5-3 (Groundball, 5S)
D.C. Aiken to second
Batting: RHB Alex Rucker 0-0: Called Strike
0-1: Foul Ball, location: 2F
0-2: Strikes out swinging
Top of the 2nd over - 0 run(s), 1 hit(s), 0 error(s), 1 left on base; Minnesota 1 - Sun Prairie 0
BOTTOM OF THE 2ND
Sun Prairie Swallows batting - Pitching for Minnesota Loons : LHP Octávio Fernández
Batting: LHB Carlos Garza 0-0: Ball
1-0: Foul Ball, location: 2F
1-1: Swinging Strike
1-2: Foul Ball, location: 2F
1-2: SINGLE (Groundball, 4MS) (infield hit)
Batting: RHB José Sánchez 0-0: Ball
1-0: Grounds into double play, 5-4-3 (Groundball, 5)
Batting: RHB Matías Torrella 0-0: Ball
1-0: Foul Ball, location: 2F
1-1: Foul Ball, location: 2F
1-2: Strikes out swinging
Bottom of the 2nd over - 0 run(s), 1 hit(s), 0 error(s), 0 left on base; Minnesota 1 - Sun Prairie 0
TOP OF THE 3RD
Minnesota Loons batting - Pitching for Sun Prairie Swallows : RHP Javier Luna
Batting: RHB Nathaniel Griffin 0-0: Called Strike
0-1: Hit by Pitch
Batting: RHB Miguel Rosales 0-0: Ball
1-0: Foul Ball, location: 2F
1-1: Ball
2-1: SINGLE (Groundball, 6D)
Nathaniel Griffin to second
Batting: RHB Gonzalo Sánchez 0-0: Ball
1-0: Foul Ball, location: 2F
1-1: Fly out, F8 (Line Drive, 8LD)
Batting: LHB José León 0-0: Ball
1-0: Called Strike
1-1: Ball
2-1: Foul Ball, location: 2F
2-2: Strikes out swinging
Batting: RHB Bass Reeves 0-0: Ball
1-0: Fly out, F9 (Flyball, 9S)
Top of the 3rd over - 0 run(s), 1 hit(s), 0 error(s), 2 left on base; Minnesota 1 - Sun Prairie 0
BOTTOM OF THE 3RD
Sun Prairie Swallows batting - Pitching for Minnesota Loons : LHP Octávio Fernández
Batting: RHB Dan Hart 0-0: Fly out, F7 (Flyball, 7S)
Batting: RHB Darby Carveth 0-0: Ball
1-0: Foul Ball, location: 2F
1-1: Ball
2-1: Swinging Strike
2-2: Strikes out looking
Batting: RHB José Silva 0-0: Ball
1-0: Foul Ball, location: 2F
1-1: SINGLE (Groundball, 6M) (infield hit)
Batting: RHB Ghislain Vespucci 0-0: Ball
1-0: Ball
2-0: Ball
3-0: Called Strike
3-1: Fielders Choice at 2nd, 5-4 (Groundball, 5)
Bottom of the 3rd over - 0 run(s), 1 hit(s), 0 error(s), 0 left on base; Minnesota 1 - Sun Prairie 0
TOP OF THE 4TH
Minnesota Loons batting - Pitching for Sun Prairie Swallows : RHP Javier Luna
Batting: LHB Wilson Horton 0-0: Fly out, F7 (Flyball, 7S)
Batting: RHB D.C. Aiken 0-0: Called Strike
0-1: Foul Ball, location: 2F
0-2: Foul Ball, location: 2F
0-2: Ball
1-2: Ball
2-2: Fly out, F4 (Popup, 4)
Batting: RHB Jorge Arreola 0-0: Ball
1-0: Foul Ball, location: 2F
1-1: Foul Ball, location: 2F
1-2: Ground out 6-3 (Groundball, 6M)
Top of the 4th over - 0 run(s), 0 hit(s), 0 error(s), 0 left on base; Minnesota 1 - Sun Prairie 0
BOTTOM OF THE 4TH
Sun Prairie Swallows batting - Pitching for Minnesota Loons : LHP Octávio Fernández
Batting: LHB Jorge Borbón 0-0: Foul Ball, location: 2F
0-1: Fly out, F8 (Flyball, 8LM)
Batting: RHB Luis Hernández 0-0: Called Strike
0-1: Ball
1-1: Foul Ball, location: 2F
1-2: SOLO HOME RUN (Flyball, 78XD), Distance : 439 ft
Batting: LHB Carlos Garza 0-0: Called Strike
0-1: Ball
1-1: Ball
2-1: Fly out, F7 (Flyball, 7LS)
Batting: RHB José Sánchez 0-0: Foul Ball, location: 2F
0-1: Foul Ball, location: 2F
0-2: Ball
1-2: Ball
2-2: Ground out 4-3 (Groundball, 4)
Bottom of the 4th over - 1 run(s), 1 hit(s), 0 error(s), 0 left on base; Minnesota 1 - Sun Prairie 1
TOP OF THE 5TH
Minnesota Loons batting - Pitching for Sun Prairie Swallows : RHP Javier Luna
Batting: RHB Alex Rucker 0-0: Ball
1-0: SINGLE (Line Drive, 6D)
Batting: RHB Nathaniel Griffin 0-0: Bunted foul
0-1: Sac Bunt - play at first, batter OUT! 3-4
Alex Rucker to second
Batting: RHB Miguel Rosales 0-0: Fly out, F6 (Popup, 15)
Batting: RHB Gonzalo Sánchez 0-0: Ball
1-0: Swinging Strike
1-1: Ground out 1-3 (Groundball, P)
Top of the 5th over - 0 run(s), 1 hit(s), 0 error(s), 1 left on base; Minnesota 1 - Sun Prairie 1
BOTTOM OF THE 5TH
Sun Prairie Swallows batting - Pitching for Minnesota Loons : LHP Octávio Fernández
Batting: RHB Matías Torrella 0-0: Foul Ball, location: 2F
0-1: Ball
1-1: Ground out 5-3 (Groundball, 56S)
Batting: RHB Dan Hart 0-0: Called Strike
0-1: Called Strike
0-2: Strikes out looking
Batting: RHB Darby Carveth 0-0: Ball
1-0: Ball
2-0: Ball
3-0: Base on Balls
Batting: RHB José Silva 0-0: Called Strike
0-1: Ball
1-1: Called Strike
1-2: Fielders Choice at 2nd, 6-4 (Groundball, 6)
Bottom of the 5th over - 0 run(s), 0 hit(s), 0 error(s), 0 left on base; Minnesota 1 - Sun Prairie 1
TOP OF THE 6TH
Minnesota Loons batting - Pitching for Sun Prairie Swallows : RHP Javier Luna
Batting: LHB José León 0-0: Called Strike
0-1: DOUBLE (Line Drive, 9LM)
Batting: RHB Bass Reeves 0-0: SINGLE (Line Drive, 9S)
José León to third
Batting: LHB Wilson Horton 0-0: Ball
1-0: Ball
2-0: DOUBLE (Line Drive, 7LD)
José León scores
Bass Reeves to third
Batting: RHB D.C. Aiken 0-0: Intentional Walk
Batting: RHB Jorge Arreola 0-0: Foul Ball, location: 2F
0-1: Fly out, F9 (Flyball, 9)
Runner from 3rd tags up, SCORES, throw made
Batting: RHB Alex Rucker 0-0: Called Strike
0-1: Ball
1-1: Ball
2-1: Ground out 5-3 (Groundball, 25)
Wilson Horton to third
D.C. Aiken to second
Batting: RHB Nathaniel Griffin 0-0: Ground out 4-3 (Groundball, 4)
Top of the 6th over - 2 run(s), 3 hit(s), 0 error(s), 2 left on base; Minnesota 3 - Sun Prairie 1
BOTTOM OF THE 6TH
Sun Prairie Swallows batting - Pitching for Minnesota Loons : LHP Octávio Fernández
Batting: RHB Ghislain Vespucci 0-0: Fly out, F8 (Flyball, 8LS)
Batting: LHB Jorge Borbón 0-0: Called Strike
0-1: Ball
1-1: Fly out, F9 (Flyball, 9LS)
Batting: RHB Luis Hernández 0-0: Called Strike
0-1: Foul Ball, location: 2F
0-2: Ball
1-2: Ball
2-2: Fly out, F7 (Line Drive, 7)
Bottom of the 6th over - 0 run(s), 0 hit(s), 0 error(s), 0 left on base; Minnesota 3 - Sun Prairie 1
TOP OF THE 7TH
Minnesota Loons batting - Pitching for Sun Prairie Swallows : RHP Javier Luna
Batting: RHB Miguel Rosales 0-0: Ball
1-0: Called Strike
1-1: Foul Ball, location: 2F
1-2: Fly out, F8 (Flyball, 8RD)
Batting: RHB Gonzalo Sánchez 0-0: Ball
1-0: Ground out 6-3 (Groundball, 6)
Batting: LHB José León 0-0: Ball
1-0: Foul Ball, location: 2F
1-1: SINGLE (Groundball, 6S) (infield hit)
Batting: RHB Bass Reeves 0-0: Ball
1-0: Ball
2-0: Called Strike
2-1: Ball
José León steals 2nd base
3-1: Foul Ball, location: 2F
3-2: Strikes out looking
Top of the 7th over - 0 run(s), 1 hit(s), 0 error(s), 1 left on base; Minnesota 3 - Sun Prairie 1
BOTTOM OF THE 7TH
Sun Prairie Swallows batting - Pitching for Minnesota Loons : LHP Octávio Fernández
Batting: LHB Carlos Garza 0-0: Ball
1-0: SINGLE (Groundball, 4MD)
Batting: RHB José Sánchez 0-0: Called Strike
0-1: SINGLE (Groundball, 56D)
Carlos Garza to second
Batting: RHB Matías Torrella 0-0: Ball
1-0: Ball
2-0: Ball
3-0: Base on Balls
Carlos Garza to third
José Sánchez to second
Batting: RHB Dan Hart 0-0: Called Strike
0-1: Ball
Wild Pitch!
Carlos Garza scores
José Sánchez to third
Matías Torrella to second
1-1: Ball
2-1: Foul Ball, location: 2F
2-2: SINGLE (Groundball, 4D)
José Sánchez scores
Matías Torrella to third
Batting: RHB Darby Carveth 0-0: Ball
1-0: Ball
2-0: Foul Ball, location: 2F
2-1: Foul Ball, location: 2F
2-2: SINGLE (Line Drive, 7LS)
Matías Torrella scores
Dan Hart to second
Batting: RHB José Silva 0-0: Ball
1-0: Bunted foul
1-1: Bunt missed!
1-2: Foul Ball, location: 2F
1-2: Hit by Pitch
Dan Hart to third
Darby Carveth to second
Batting: RHB Ghislain Vespucci 0-0: Ball
1-0: Called Strike
1-1: Ball
2-1: Reached on error, E4 (Flyball, 4D)
Dan Hart scores
Darby Carveth to third
José Silva to second
Batting: LHB Jorge Borbón 0-0: Called Strike
0-1: Fly out, F9 (Flyball, 9S)
Pitching: RHP Oriol Razo
Batting: RHB Luis Hernández 0-0: Ball
1-0: SINGLE (Line Drive, 8RS)
Darby Carveth scores
José Silva to third
Ghislain Vespucci to second
Runner from 3rd tries for Home, throw and OUT!
Batting: LHB Carlos Garza 0-0: Ball
1-0: Ground out 4-3 (Groundball, 4MD)
Bottom of the 7th over - 5 run(s), 5 hit(s), 1 error(s), 2 left on base; Minnesota 3 - Sun Prairie 6
TOP OF THE 8TH
Minnesota Loons batting - Pitching for Sun Prairie Swallows : RHP Javier Luna
Batting: LHB Wilson Horton 0-0: Ball
1-0: Foul Ball, location: 2F
1-1: Ground out 5-3 (Groundball, 56S)
Batting: RHB D.C. Aiken 0-0: SINGLE (Line Drive, 56D)
Batting: RHB Jorge Arreola 0-0: Ball
1-0: Called Strike
1-1: Grounds into double play, 4-6-3 (Groundball, 4)
Top of the 8th over - 0 run(s), 1 hit(s), 0 error(s), 0 left on base; Minnesota 3 - Sun Prairie 6
BOTTOM OF THE 8TH
Sun Prairie Swallows batting - Pitching for Minnesota Loons : RHP Oriol Razo
Batting: RHB José Sánchez 0-0: Called Strike
0-1: Called Strike
0-2: Foul Ball, location: 2F
0-2: Ball
1-2: Fly out, F9 (Flyball, 9S)
Batting: RHB Matías Torrella 0-0: Called Strike
0-1: Ball
1-1: Ball
2-1: Ball
3-1: Foul Ball, location: 2F
3-2: Strikes out swinging
Batting: RHB Dan Hart 0-0: Ball
1-0: Ball
2-0: Foul Ball, location: 2F
2-1: Ground out 1-3 (Groundball, P)
Bottom of the 8th over - 0 run(s), 0 hit(s), 0 error(s), 0 left on base; Minnesota 3 - Sun Prairie 6
TOP OF THE 9TH
Minnesota Loons batting - Pitching for Sun Prairie Swallows : RHP Javier Luna
Pitching: RHP Kyle MacRae
Batting: RHB Alex Rucker 0-0: Ball
1-0: Called Strike
1-1: Called Strike
1-2: Ball
2-2: Ball
3-2: Strikes out swinging
Batting: RHB Nathaniel Griffin 0-0: Bunted foul
0-1: Foul Ball, location: 2F
0-2: Strikes out swinging
Batting: RHB Miguel Rosales 0-0: Fly out, F9 (Line Drive, 89S)
Top of the 9th over - 0 run(s), 0 hit(s), 0 error(s), 0 left on base; Minnesota 3 - Sun Prairie 6
Friday, December 30th, 2016 - OOTP Baseball 17.12 Build 75